Workbook

Sheet Acta No 1
A8: PRIMERA ACTA PARCIAL DE OBRA CENTRO ZONAL GIRON
B10: 1. INFORMACIÓN GENERAL
B12: CONTRATO: | C12: 1718 DE 2013
B14: CONTRATISTA: | C14: UNION TEMPORAL - ICBF - 11 - OSCHAVS -2013
B16: OBJETO DEL CONTRATO: | C16: "Contratar las obras necesarias para la construcción, remodelación adecuación, mantenimiento preventivo y correctivo de los inmuebles donde funcionan las sedes administrativas, centros zonales, sedes regionales y unidades de servicio del ICBF a nivel nacional".
B18: VALOR INICIAL DEL CONTRATO | C18: 4460000000
B19: VALOR ADICIONAL | C19: 0
B20: VALOR TOTAL | C20: =+C19+C18 -> 4460000000
B22: FECHA DE INICIO: | C22: 24 de Febrero de 2014
B23: PLAZO INICIAL: | C23: 31 de Julio de 2014
B24: PLAZO DE PRORROGA 1: | C24: 31 de Diciembre de 2014
A27: ITEM | B27: DESCRIPCIÓN | C27: UN | D27: CANTIDAD | E27: PRECIO UNITARIO | F27: SUB TOTAL | G27: ULTIMO ACUMULADO | H27: VALOR ULTIMO ACUMULADO | I27: CANTIDAD EJECUTADA PRESENTE ACTA | J27: VALOR PRESENTE ACTA | K27: CANTIDAD TOTAL EJECUTADO | L27: VALOR TOTAL EJECUTADO | M27: SALDO CANTIDAD POR EJECUTAR | N27: SALDO VALOR POR EJECUTAR
A28: 1.1.6 | B28: LIMPIEZA, DESCAPOTE, RETIRO SOBR. - MANUAL | C28: M2 | D28: 208.7 | E28: 10502 | F28: =+E28*D28 -> 2191767.4 | I28: 208.7 | J28: =+I28*E28 -> 2191767.4 | K28: =+I28 -> 208.7 | L28: =+J28 -> 2191767.4 | M28: =+D28-K28 -> 0 | N28: =+M28*E28 -> 0
A29: 1.3 | B29: DEMOLICIONES - DESMONTES - RETIROS
A30: 1.3.1 | B30: DEMOLICION CIELO RASO FALSO (INC. RETIRO DE SOBR.) | C30: M2 | D30: 56.8 | E30: 9431.5085 | F30: =+E30*D30 -> 535709.68 | I30: 56.8 | J30: =I30*E30 -> 535709.68 | K30: =G30+I30 -> 56.8 | L30: =K30*E30 -> 535709.68 | M30: =+D30-K30 -> 0 | N30: =+M30*E30 -> 0 | O30: =D30-(G30+I30+M30) -> 0 | P30: =D30-(G30+I30) -> 0 | Q30: =P30-M30 -> 0 | R30: =K30-I30-G30 -> 0 | S30: =L30-J30-H30 -> 0
A31: 1,3,5 | B31: DEMOLICIONES VARIAS EN CONCRETO Y MAMPOSTERIA | C31: M3 | D31: =16.8+4.24+35.7 -> 56.74 | E31: 124407.04 | F31: =+E31*D31 -> 7058855.6 | I31: 53.2 | J31: =I31*E31 -> 6618454.7 | K31: =+I31+G31 -> 53.2 | L31: =+J31+H31 -> 6618454.7 | M31: =+D31-K31 -> 3.54 | N31: =+M31*E31 -> 440400.93 | O31: =D31-(G31+I31+M31) -> 0 | P31: =D31-(G31+I31) -> 3.54 | Q31: =P31-M31 -> 0 | R31: =K31-I31-G31 -> 0 | S31: =L31-J31-H31 -> 0
A32: 1.3.6 | B32: DESMONTE DE ENCAHPES Y MUROS | C32: M2 | D32: 104.6 | E32: 11876.912 | F32: =+E32*D32 -> 1242325 | I32: 104.6 | J32: =I32*E32 -> 1242325 | K32: =G32+I32 -> 104.6 | L32: =K32*E32 -> 1242325 | M32: =+D32-K32 -> 0 | N32: =+M32*E32 -> 0 | O32: =D32-(G32+I32+M32) -> 0 | P32: =D32-(G32+I32) -> 0 | Q32: =P32-M32 -> 0 | R32: =K32-I32-G32 -> 0 | S32: =L32-J32-H32 -> 0
A33: 1.3.7 | B33: DEMOLICIÓN DE ORINAL Ó LAVAMANOS CORRIDO (INC. RETIRO DE SOBR.) | C33: ML | D33: 9.8 | E33: 22783.913 | F33: =+E33*D33 -> 223282.35 | I33: 9.8 | J33: =I33*E33 -> 223282.35 | K33: =G33+I33 -> 9.8 | L33: =K33*E33 -> 223282.35 | M33: =+D33-K33 -> 0 | N33: =+M33*E33 -> 0 | O33: =D33-(G33+I33+M33) -> 0 | P33: =D33-(G33+I33) -> 0 | Q33: =P33-M33 -> 0 | R33: =K33-I33-G33 -> 0 | S33: =L33-J33-H33 -> 0
A34: 1.3.11 | B34: DEMOLICIÓN DE MUROS TOLETE E=25 CM. (INC. RETIRO DE SOBR.) | C34: M2 | D34: 118.02 | E34: 16938.982 | F34: =+E34*D34 -> 1999138.6 | I34: 0 | J34: =I34*E34 -> 0 | K34: =G34+I34 -> 0 | L34: =K34*E34 -> 0 | M34: =+D34-K34 -> 118.02 | N34: =+M34*E34 -> 1999138.6 | O34: =D34-(G34+I34+M34) -> 0 | P34: =D34-(G34+I34) -> 118.02 | Q34: =P34-M34 -> 0 | R34: =K34-I34-G34 -> 0 | S34: =L34-J34-H34 -> 0
A35: 1.3.12 | B35: DEMOLICION PAÑETES (INC. RETIRO DE SOBR.) | C35: M2 | D35: 250 | E35: 9424.8652 | F35: =+E35*D35 -> 2356216.3 | J35: =I35*E35 -> 0 | K35: =G35+I35 -> 0 | L35: =K35*E35 -> 0 | M35: =+D35-K35 -> 250 | N35: =+M35*E35 -> 2356216.3 | O35: =D35-(G35+I35+M35) -> 0 | P35: =D35-(G35+I35) -> 250 | Q35: =P35-M35 -> 0 | R35: =K35-I35-G35 -> 0 | S35: =L35-J35-H35 -> 0
A36: 1.3.15 | B36: DEMOLICION PISOS EN TABLON (INC. RETIRO DE SOBR.) | C36: M2 | D36: =807*1.03 -> 831.21 | E36: 9018.5583 | F36: =+E36*D36 -> 7496315.8 | I36: 792 | J36: =I36*E36 -> 7142698.2 | K36: =G36+I36 -> 792 | L36: =K36*E36 -> 7142698.2 | M36: =+D36-K36 -> 39.21 | N36: =+M36*E36 -> 353617.67 | O36: =D36-(G36+I36+M36) -> 0 | P36: =D36-(G36+I36) -> 39.21 | Q36: =P36-M36 -> 0 | R36: =K36-I36-G36 -> 0 | S36: =L36-J36-H36 -> 0
A37: 1.3.18 | B37: DEMOLICION PLACA MACIZA H = 0.10 (INC. RETIRO DE SOBR.) | C37: M2 | D37: =24.5*1.05 -> 25.725 | E37: 40827.833 | F37: =+E37*D37 -> 1050296 | J37: =I37*E37 -> 0 | M37: =+D37-K37 -> 25.725 | N37: =+M37*E37 -> 1050296 | O37: =D37-(G37+I37+M37) -> 0 | P37: =D37-(G37+I37) -> 25.725 | Q37: =P37-M37 -> 0 | R37: =K37-I37-G37 -> 0 | S37: =L37-J37-H37 -> 0
A38: 1.3.21 | B38: DEMOLICION DE PLACA DE PISO H=10 (INC RETIRO DE SOBR) | C38: M2 | D38: 831.21 | E38: 33717 | F38: =+E38*D38 -> 28025908 | I38: 792 | J38: =I38*E38 -> 26703864 | K38: =+I38 -> 792 | L38: =+J38 -> 26703864 | M38: =+D38-K38 -> 39.21 | N38: =+M38*E38 -> 1322043.6
A39: 1.3.22 | B39: DESMONTE APARATOS SANITARIOS (INC. RETIRO DE SOBR.) | C39: UN | D39: 10 | E39: 18460.727 | F39: =+E39*D39 -> 184607.27 | I39: 8 | J39: =I39*E39 -> 147685.82 | K39: =G39+I39 -> 8 | L39: =K39*E39 -> 147685.82 | M39: =+D39-K39 -> 2 | N39: =+M39*E39 -> 36921.455 | O39: =D39-(G39+I39+M39) -> 0 | P39: =D39-(G39+I39) -> 2 | Q39: =P39-M39 -> 0 | R39: =K39-I39-G39 -> 0 | S39: =L39-J39-H39 -> 0
A40: 1.3.27 | B40: DESMONTE PUERTAS CON MARCOS (INC. RETIRO DE SOBR.) | C40: UN | D40: 12 | E40: 19405.734 | F40: =+E40*D40 -> 232868.81 | I40: 9 | J40: =I40*E40 -> 174651.6 | K40: =+I40 -> 9 | L40: =+J40 -> 174651.6 | M40: =+D40-K40 -> 3 | N40: =+M40*E40 -> 58217.201 | O40: =D40-(G40+I40+M40) -> 0 | P40: =D40-(G40+I40) -> 3 | Q40: =P40-M40 -> 0 | R40: =K40-I40-G40 -> 0 | S40: =L40-J40-H40 -> 0
A41: 1.3.29 | B41: DESMONTE VENTANAS O PUERTAS METÁLICAS (INC. RETIRO DE SOBRANTES) | C41: M2 | D41: =119*1.05 -> 124.95 | E41: 13631.636 | F41: =+E41*D41 -> 1703272.9 | I41: 30.1 | J41: =I41*E41 -> 410312.23 | K41: =+I41 -> 30.1 | L41: =+J41 -> 410312.23 | M41: =+D41-K41 -> 94.85 | N41: =+M41*E41 -> 1292960.6 | O41: =D41-(G41+I41+M41) -> 0 | P41: =D41-(G41+I41) -> 94.85 | Q41: =P41-M41 -> 0 | R41: =K41-I41-G41 -> 0 | S41: =L41-J41-H41 -> 0
A42: 1.3.36 | B42: DEMOLICION MESÓN CORRIDO (INC. RETIRO DE SOBR.) | C42: ML | D42: 27.2 | E42: 14424.724 | F42: =+E42*D42 -> 392352.49 | I42: 23.9 | J42: =I42*E42 -> 344750.9 | K42: =G42+I42 -> 23.9 | L42: =K42*E42 -> 344750.9 | M42: =+D42-K42 -> 3.3 | N42: =+M42*E42 -> 47601.589 | O42: =D42-(G42+I42+M42) -> 0 | P42: =D42-(G42+I42) -> 3.3 | Q42: =P42-M42 -> 0 | R42: =K42-I42-G42 -> 0 | S42: =L42-J42-H42 -> 0
A43: 1.4 | B43: VARIOS - PRELIMINARES | O43: =D43-(G43+I43+M43) -> 0 | P43: =D43-(G43+I43) -> 0 | Q43: =P43-M43 -> 0 | R43: =K43-I43-G43 -> 0 | S43: =L43-J43-H43 -> 0
A44: 1.4.2 | B44: RETIRO DE SOBRANTES CARGUE TRANSPORTE Y DISPOSICION FINAL DE ESCOMBROS A SITIO AUTORIZADO | C44: M3 | D44: 200 | E44: 51478.234 | F44: =+E44*D44 -> 10295647 | I44: 168 | J44: =I44*E44 -> 8648343.3 | K44: =G44+I44 -> 168 | L44: =K44*E44 -> 8648343.3 | M44: =+D44-K44 -> 32 | N44: =+M44*E44 -> 1647303.5 | O44: =D44-(G44+I44+M44) -> 0 | P44: =D44-(G44+I44) -> 32 | Q44: =P44-M44 -> 0 | R44: =K44-I44-G44 -> 0 | S44: =L44-J44-H44 -> 0
A45: 2.5 | B45: OBRAS DE MITIGACION Y ESTABILIZACION | O45: =D45-(G45+I45+M45) -> 0 | P45: =D45-(G45+I45) -> 0 | Q45: =P45-M45 -> 0 | R45: =K45-I45-G45 -> 0 | S45: =L45-J45-H45 -> 0
A46: 2.5.14 | B46: . PRADIZACION ZONAS VERDES | C46: M2 | D46: 50 | E46: 19287.533 | F46: =E46*D46 -> 964376.65 | M46: =+D46-K46 -> 50 | N46: =+M46*E46 -> 964376.65 | O46: =D46-(G46+I46+M46) -> 0 | P46: =D46-(G46+I46) -> 50 | Q46: =P46-M46 -> 0 | R46: =K46-I46-G46 -> 0 | S46: =L46-J46-H46 -> 0
A47: 3.4 | B47: CONSTRUCCIONES EN MAMPOSTERIA | O47: =D47-(G47+I47+M47) -> 0 | P47: =D47-(G47+I47) -> 0 | Q47: =P47-M47 -> 0 | R47: =K47-I47-G47 -> 0 | S47: =L47-J47-H47 -> 0
A48: 3.4.2 | B48: CAJAS INSPECCION 60 x 60 x 60 cm (INC. BASE y CAÑUELA Y TAPA CON MARCO METALICO) | C48: UN | D48: 4 | E48: 272707.75 | F48: =E48*D48 -> 1090831 | J48: =I48*E48 -> 0 | K48: =G48+I48 -> 0 | L48: =K48*E48 -> 0 | M48: =+D48-K48 -> 4 | N48: =+M48*E48 -> 1090831 | O48: =D48-(G48+I48+M48) -> 0 | P48: =D48-(G48+I48) -> 4 | Q48: =P48-M48 -> 0 | R48: =K48-I48-G48 -> 0 | S48: =L48-J48-H48 -> 0
A49: 3.5 | B49: MOVIMIENTO DE TIERRAS | O49: =D49-(G49+I49+M49) -> 0 | P49: =D49-(G49+I49) -> 0 | Q49: =P49-M49 -> 0 | R49: =K49-I49-G49 -> 0 | S49: =L49-J49-H49 -> 0
A50: 3.5.2 | B50: EXCAVACION MANUAL TIERRA. H=2.50 (INC. RETIRO DE SOBR.) | C50: M3 | D50: 1.8 | E50: 27178.928 | F50: =E50*D50 -> 48922.07 | J50: =I50*E50 -> 0 | K50: =G50+I50 -> 0 | L50: =K50*E50 -> 0 | M50: =+D50-K50 -> 1.8 | N50: =+M50*E50 -> 48922.07 | O50: =D50-(G50+I50+M50) -> 0 | P50: =D50-(G50+I50) -> 1.8 | Q50: =P50-M50 -> 0 | R50: =K50-I50-G50 -> 0 | S50: =L50-J50-H50 -> 0
A51: 4 | B51: ESTRUCTURA | O51: =D51-(G51+I51+M51) -> 0 | P51: =D51-(G51+I51) -> 0 | Q51: =P51-M51 -> 0 | R51: =K51-I51-G51 -> 0 | S51: =L51-J51-H51 -> 0
A52: 4.1 | B52: ELEMENTOS VERTICALES EN CONCRETO | O52: =D52-(G52+I52+M52) -> 0 | P52: =D52-(G52+I52) -> 0 | Q52: =P52-M52 -> 0 | R52: =K52-I52-G52 -> 0 | S52: =L52-J52-H52 -> 0
A53: 4.1.1 | B53: CONCRETO PARA COLUMNAS 3000 PSI | C53: M3 | D53: 1.62 | E53: 608238.59 | F53: =E53*D53 -> 985346.52 | J53: =I53*E53 -> 0 | K53: =G53+I53 -> 0 | L53: =K53*E53 -> 0 | M53: =+D53-K53 -> 1.62 | N53: =+M53*E53 -> 985346.52 | O53: =D53-(G53+I53+M53) -> 0 | P53: =D53-(G53+I53) -> 1.62 | Q53: =P53-M53 -> 0 | R53: =K53-I53-G53 -> 0 | S53: =L53-J53-H53 -> 0
A54: 4.2 | B54: ELEMENTOS HORIZONTALES EN CONCRETO | O54: =D54-(G54+I54+M54) -> 0 | P54: =D54-(G54+I54) -> 0 | Q54: =P54-M54 -> 0 | R54: =K54-I54-G54 -> 0 | S54: =L54-J54-H54 -> 0
A55: 4.2.1 | B55: CONCRETO PARA VIGAS AÉREAS 3000 PSI | C55: M3 | D55: 1.75 | E55: 705289.93 | F55: =E55*D56 -> 1234257.4 | J55: =I55*E55 -> 0 | K55: =G55+I55 -> 0 | L55: =K55*E55 -> 0 | M55: =+D55-K55 -> 1.75 | N55: =+M55*E55 -> 1234257.4 | O55: =D55-(G55+I55+M55) -> 0 | P55: =D55-(G55+I55) -> 1.75 | Q55: =P55-M55 -> 0 | R55: =K55-I55-G55 -> 0 | S55: =L55-J55-H55 -> 0
A56: 4.2.2 | B56: CONCRETO PARA VIGAS DE ENTREPISO 3000 PSI | C56: M3 | D56: 1.75 | E56: 638838.21 | F56: =E56*D56 -> 1117966.9 | M56: =+D56-K56 -> 1.75 | N56: =+M56*E56 -> 1117966.9 | O56: =D56-(G56+I56+M56) -> 0 | P56: =D56-(G56+I56) -> 1.75 | Q56: =P56-M56 -> 0 | R56: =K56-I56-G56 -> 0 | S56: =L56-J56-H56 -> 0
A57: 4.3 | B57: LOSAS DE ENTREPSIO EN CONCRETO | O57: =D57-(G57+I57+M57) -> 0 | P57: =D57-(G57+I57) -> 0 | Q57: =P57-M57 -> 0 | R57: =K57-I57-G57 -> 0 | S57: =L57-J57-H57 -> 0
A58: 4.3.7 | B58: LOSA MACIZA ENTREPISO H = 10 cm - CONCRETO 3000 PSI | C58: M2 | D58: 33 | E58: 62070.804 | F58: =E58*D58 -> 2048336.5 | J58: =I58*E58 -> 0 | K58: =G58+I58 -> 0 | L58: =K58*E58 -> 0 | M58: =+D58-K58 -> 33 | N58: =+M58*E58 -> 2048336.5 | O58: =D58-(G58+I58+M58) -> 0 | P58: =D58-(G58+I58) -> 33 | Q58: =P58-M58 -> 0 | R58: =K58-I58-G58 -> 0 | S58: =L58-J58-H58 -> 0
A59: 4.5 | B59: ACERO DE REFUERZO - ESTRUCTURA | O59: =D59-(G59+I59+M59) -> 0 | P59: =D59-(G59+I59) -> 0 | Q59: =P59-M59 -> 0 | R59: =K59-I59-G59 -> 0 | S59: =L59-J59-H59 -> 0
A60: 4.5.2 | B60: ACERO DE REFUERZO 60000 PSI | C60: KG | D60: 843 | E60: 3805.3173 | F60: =E60*D60 -> 3207882.5 | J60: =I60*E60 -> 0 | K60: =G60+I60 -> 0 | L60: =K60*E60 -> 0 | M60: =+D60-K60 -> 843 | N60: =+M60*E60 -> 3207882.5 | O60: =D60-(G60+I60+M60) -> 0 | P60: =D60-(G60+I60) -> 843 | Q60: =P60-M60 -> 0 | R60: =K60-I60-G60 -> 0 | S60: =L60-J60-H60 -> 0
A61: 4.5.4 | B61: MALLA ELECTROSOLDADA TIPO ESTANDAR | C61: KG | D61: 231 | E61: 4338.3994 | F61: =E61*D61 -> 1002170.3 | J61: =I61*E61 -> 0 | K61: =G61+I61 -> 0 | L61: =K61*E61 -> 0 | M61: =+D61-K61 -> 231 | N61: =+M61*E61 -> 1002170.3 | O61: =D61-(G61+I61+M61) -> 0 | P61: =D61-(G61+I61) -> 231 | Q61: =P61-M61 -> 0 | R61: =K61-I61-G61 -> 0 | S61: =L61-J61-H61 -> 0
B62: MURO EN BLOQUE H10 | D62: 45.97 | F62: =E62*D62 -> 0 | M62: =+D62-K62 -> 45.97 | N62: =+M62*E62 -> 0 | O62: =D62-(G62+I62+M62) -> 0 | P62: =D62-(G62+I62) -> 45.97 | Q62: =P62-M62 -> 0 | R62: =K62-I62-G62 -> 0 | S62: =L62-J62-H62 -> 0
A63: 7.4 | B63: RED GENERAL DE AGUA FRIA | M63: =+D63-K63 -> 0 | O63: =D63-(G63+I63+M63) -> 0 | P63: =D63-(G63+I63) -> 0 | Q63: =P63-M63 -> 0 | R63: =K63-I63-G63 -> 0 | S63: =L63-J63-H63 -> 0
A64: 7.4.1 | B64: ACCESORIOS PVC-P Ø 1/2" | C64: UN | D64: 30 | E64: 4072 | F64: =+E64*D64 -> 122160 | J64: =I64*E64 -> 0 | K64: =G64+I64 -> 0 | L64: =K64*E64 -> 0 | M64: =+D64-K64 -> 30 | N64: =+M64*E64 -> 122160 | O64: =D64-(G64+I64+M64) -> 0 | P64: =D64-(G64+I64) -> 30 | Q64: =P64-M64 -> 0 | R64: =K64-I64-G64 -> 0 | S64: =L64-J64-H64 -> 0
A65: 7.4.19 | B65: REGISTRO P/D RED WITHE Ø 1/2" ó EQUIVALENTE | C65: UN | D65: 6 | E65: 41807 | F65: =+E65*D65 -> 250842 | M65: =+D65-K65 -> 6 | N65: =+M65*E65 -> 250842 | O65: =D65-(G65+I65+M65) -> 0 | P65: =D65-(G65+I65) -> 6 | Q65: =P65-M65 -> 0 | R65: =K65-I65-G65 -> 0 | S65: =L65-J65-H65 -> 0
A66: 7.4.26 | B66: TUBERIA PVC-P RDE 9 Ø 1/2" | C66: ML | D66: 54 | E66: 6928 | F66: =+E66*D66 -> 374112 | J66: =I66*E66 -> 0 | K66: =G66+I66 -> 0 | L66: =K66*E66 -> 0 | M66: =+D66-K66 -> 54 | N66: =+M66*E66 -> 374112 | O66: =D66-(G66+I66+M66) -> 0 | P66: =D66-(G66+I66) -> 54 | Q66: =P66-M66 -> 0 | R66: =K66-I66-G66 -> 0 | S66: =L66-J66-H66 -> 0
A67: 7.5 | B67: PUNTOS HIDRAULICOS | O67: =D67-(G67+I67+M67) -> 0 | P67: =D67-(G67+I67) -> 0 | Q67: =P67-M67 -> 0 | R67: =K67-I67-G67 -> 0 | S67: =L67-J67-H67 -> 0
A68: 7,5,3 | B68: PUNTO AGUA FRIA PVC (INC. ACCESORIOS) | C68: UN | D68: 25 | E68: 42701.597 | F68: =E68*D68 -> 1067539.9 | M68: =+D68-K68 -> 25 | N68: =+M68*E68 -> 1067539.9 | O68: =D68-(G68+I68+M68) -> 0 | P68: =D68-(G68+I68) -> 25 | Q68: =P68-M68 -> 0 | R68: =K68-I68-G68 -> 0 | S68: =L68-J68-H68 -> 0
A69: 7,5,4 | B69: SALIDAS SANITARIAS | C69: UN | D69: 10 | E69: 79580.156 | F69: =E69*D69 -> 795801.56 | J69: =I69*E69 -> 0 | K69: =G69+I69 -> 0 | L69: =K69*E69 -> 0 | M69: =+D69-K69 -> 10 | N69: =+M69*E69 -> 795801.56 | O69: =D69-(G69+I69+M69) -> 0 | P69: =D69-(G69+I69) -> 10 | Q69: =P69-M69 -> 0 | R69: =K69-I69-G69 -> 0 | S69: =L69-J69-H69 -> 0
A70: 7,5,5 | B70: PUNTO DESAGUE PVC Ø 2" | C70: UN | D70: 26 | E70: 43361.257 | F70: =E70*D70 -> 1127392.7 | M70: =+D70-K70 -> 26 | N70: =+M70*E70 -> 1127392.7 | O70: =D70-(G70+I70+M70) -> 0 | P70: =D70-(G70+I70) -> 26 | Q70: =P70-M70 -> 0 | R70: =K70-I70-G70 -> 0 | S70: =L70-J70-H70 -> 0
A71: 7,5,6 | B71: PUNTO DESAGUE PVC Ø 3" ó Ø 4" | C71: UN | D71: 9 | E71: 72097.45 | F71: =E71*D71 -> 648877.05 | J71: =I71*E71 -> 0 | K71: =G71+I71 -> 0 | L71: =K71*E71 -> 0 | M71: =+D71-K71 -> 9 | N71: =+M71*E71 -> 648877.05 | O71: =D71-(G71+I71+M71) -> 0 | P71: =D71-(G71+I71) -> 9 | Q71: =P71-M71 -> 0 | R71: =K71-I71-G71 -> 0 | S71: =L71-J71-H71 -> 0
A72: 7.6 | B72: BAJANTES - VENTILACIONES - REVENTILACIONES A.N. | O72: =D72-(G72+I72+M72) -> 0 | P72: =D72-(G72+I72) -> 0 | Q72: =P72-M72 -> 0 | R72: =K72-I72-G72 -> 0 | S72: =L72-J72-H72 -> 0
A73: 7,7,2 | B73: BAJANTE A.LL. PVC Ø 4" (INC. ACCESORIOS) | C73: ML | D73: 120 | E73: 26985.876 | F73: =E73*D73 -> 3238305.1 | M73: =+D73-K73 -> 120 | N73: =+M73*E73 -> 3238305.1 | O73: =D73-(G73+I73+M73) -> 0 | P73: =D73-(G73+I73) -> 120 | Q73: =P73-M73 -> 0 | R73: =K73-I73-G73 -> 0 | S73: =L73-J73-H73 -> 0
A74: 9 | B74: PAÑETES | O74: =D74-(G74+I74+M74) -> 0 | P74: =D74-(G74+I74) -> 0 | Q74: =P74-M74 -> 0 | R74: =K74-I74-G74 -> 0 | S74: =L74-J74-H74 -> 0
A75: 9.1 | B75: PAÑETES SOBRE MUROS | O75: =D75-(G75+I75+M75) -> 0 | P75: =D75-(G75+I75) -> 0 | Q75: =P75-M75 -> 0 | R75: =K75-I75-G75 -> 0 | S75: =L75-J75-H75 -> 0
A76: 9,1,7 | B76: PAÑETE LISO SOBRE MUROS 1:4 | C76: M2 | D76: 131 | E76: 16455.587 | F76: =E76*D76 -> 2155681.9 | J76: =I76*E76 -> 0 | K76: =G76+I76 -> 0 | L76: =K76*E76 -> 0 | M76: =+D76-K76 -> 131 | N76: =+M76*E76 -> 2155681.9 | O76: =D76-(G76+I76+M76) -> 0 | P76: =D76-(G76+I76) -> 131 | Q76: =P76-M76 -> 0 | R76: =K76-I76-G76 -> 0 | S76: =L76-J76-H76 -> 0
A77: 10 | B77: PISOS | O77: =D77-(G77+I77+M77) -> 0 | P77: =D77-(G77+I77) -> 0 | Q77: =P77-M77 -> 0 | R77: =K77-I77-G77 -> 0 | S77: =L77-J77-H77 -> 0
A78: 10.1 | B78: BASES PISOS Y AFINADOS | O78: =D78-(G78+I78+M78) -> 0 | P78: =D78-(G78+I78) -> 0 | Q78: =P78-M78 -> 0 | R78: =K78-I78-G78 -> 0 | S78: =L78-J78-H78 -> 0
A79: 10,1,1 | B79: AFINADO ENDURECIDO MORTERO 1:3 H=4 | C79: M2 | D79: =807.32*1.05 -> 847.686 | E79: 24555.649 | F79: =E79*D79 -> 20815480 | J79: =I79*E79 -> 0 | K79: =G79+I79 -> 0 | L79: =K79*E79 -> 0 | M79: =+D79-K79 -> 847.686 | N79: =+M79*E79 -> 20815480 | O79: =D79-(G79+I79+M79) -> 0 | P79: =D79-(G79+I79) -> 847.686 | Q79: =P79-M79 -> 0 | R79: =K79-I79-G79 -> 0 | S79: =L79-J79-H79 -> 0
A80: 10.2 | B80: ACABADOS PISOS | O80: =D80-(G80+I80+M80) -> 0 | P80: =D80-(G80+I80) -> 0 | Q80: =P80-M80 -> 0 | R80: =K80-I80-G80 -> 0 | S80: =L80-J80-H80 -> 0
A81: 10,2,13 | B81: CERAMICA 33 X 33 | C81: M2 | D81: 64.17 | E81: 38403.676 | F81: =E81*D81 -> 2464363.9 | J81: =I81*E81 -> 0 | K81: =G81+I81 -> 0 | L81: =K81*E81 -> 0 | M81: =+D81-K81 -> 64.17 | N81: =+M81*E81 -> 2464363.9 | O81: =D81-(G81+I81+M81) -> 0 | P81: =D81-(G81+I81) -> 64.17 | Q81: =P81-M81 -> 0 | R81: =K81-I81-G81 -> 0 | S81: =L81-J81-H81 -> 0
A82: 10,2,27 | B82: TABLETA GRES LISO DE 33 x 33 MORTERO 1:4 | C82: M2 | D82: =+D79 -> 847.686 | E82: 45741.186 | F82: =E82*D82 -> 38774163 | J82: =I82*E82 -> 0 | K82: =G82+I82 -> 0 | L82: =K82*E82 -> 0 | M82: =+D82-K82 -> 847.686 | N82: =+M82*E82 -> 38774163 | O82: =D82-(G82+I82+M82) -> 0 | P82: =D82-(G82+I82) -> 847.686 | Q82: =P82-M82 -> 0 | R82: =K82-I82-G82 -> 0 | S82: =L82-J82-H82 -> 0
A83: XXX | B83: GUARDA ESCOBA EN GRES | C83: ML | D83: 250 | E83: =+E82*0.6 -> 27444.711 | F83: =E83*D83 -> 6861177.9 | M83: =+D83-K83 -> 250 | N83: =+M83*E83 -> 6861177.9 | O83: =D83-(G83+I83+M83) -> 0 | P83: =D83-(G83+I83) -> 250 | Q83: =P83-M83 -> 0 | R83: =K83-I83-G83 -> 0 | S83: =L83-J83-H83 -> 0
A84: 12 | B84: CARPINTERIA DE METÁLICA | O84: =D84-(G84+I84+M84) -> 0 | P84: =D84-(G84+I84) -> 0 | Q84: =P84-M84 -> 0 | R84: =K84-I84-G84 -> 0 | S84: =L84-J84-H84 -> 0
A85: 12.1 | B85: CARPINTERIA EN ALUMINIO
A86: 12.1.7 | B86: VENTANAS ALUMINIO ANODIZADO SERIE 3831/5020 - COLOR MATE NATURAL - INCLUYE VIDRIO CRISTAL TEMPLADO INCOLORO E = 6 mm | C86: M2 | D86: 119 | E86: 202653.44 | F86: =E86*D86 -> 24115759 | J86: =I86*E86 -> 0 | K86: =G86+I86 -> 0 | L86: =K86*E86 -> 0 | M86: =+D86-K86 -> 119 | N86: =+M86*E86 -> 24115759
A87: 12.1.8 | B87: PUERTA Y MARCO EN ALUMINIO ANODIZADO SERIE 3831/5020 - COLOR MATE NATURAL - INCLUYE VIDRIO CRISTAL TEMPLADO INCOLORO E = 6 mm | C87: M2 | D87: 24 | E87: 224032.58 | F87: =E87*D87 -> 5376781.8 | J87: =I87*E87 -> 0 | K87: =G87+I87 -> 0 | L87: =K87*E87 -> 0 | M87: =+D87-K87 -> 24 | N87: =+M87*E87 -> 5376781.8
A88: 12.2 | B88: CARPINTERIA EN LAMINA
A89: 12,2,1 | B89: BARANDA Y PASAMANOS EN TUBO PARA CIRCULACIONES | C89: ML | D89: 33.42 | E89: 128976.94 | F89: =E89*D89 -> 4310409.2 | J89: =I89*E89 -> 0 | K89: =G89+I89 -> 0 | L89: =K89*E89 -> 0 | M89: =+D89-K89 -> 33.42 | N89: =+M89*E89 -> 4310409.2
A90: 13 | B90: CARPINTERIA DE MADERA
A91: 13.1 | B91: MARCOS Y PUERTAS
A92: 13,1,1 | B92: PUERTAS ENTAMBORADAS EN MADERA | C92: UN | D92: 12 | E92: 274732.01 | F92: =E92*D92 -> 3296784.1 | J92: =I92*E92 -> 0 | K92: =G92+I92 -> 0 | L92: =K92*E92 -> 0 | M92: =+D92-K92 -> 12 | N92: =+M92*E92 -> 3296784.1
A93: 14 | B93: ENCHAPES
A94: 14.1 | B94: ENCHAPE SOBRE MUROS
A95: 14,1,2 | B95: CERAMICA 0.30 X 0.30 PARA BAÑOS Y ASEO | C95: M2 | D95: 125.12 | E95: 49650.241 | F95: =E95*D95 -> 6212238.1 | J95: =I95*E95 -> 0 | K95: =G95+I95 -> 0 | L95: =K95*E95 -> 0 | M95: =+D95-K95 -> 125.12 | N95: =+M95*E95 -> 6212238.1
A96: 14,1,4 | B96: POCETA ASEO EN GRANITO DE 0.55 X 0.90 | C96: M2 | D96: 2 | E96: 168111.29 | F96: =E96*D96 -> 336222.57 | J96: =I96*E96 -> 0 | K96: =G96+I96 -> 0 | L96: =K96*E96 -> 0 | M96: =+D96-K96 -> 2 | N96: =+M96*E96 -> 336222.57
A97: 16 | B97: APARATOS SANITARIOS Y ACCESORIOS
A98: 16.1 | B98: APARATOS SANITARIOS
A99: 16,1,1 | B99: SANITARIO PARA FLUXOMETRO Ref. 03046 | C99: UN | D99: 10 | E99: 645734.95 | F99: =E99*D99 -> 6457349.5 | J99: =I99*E99 -> 0 | K99: =G99+I99 -> 0 | L99: =K99*E99 -> 0 | M99: =+D99-K99 -> 10 | N99: =+M99*E99 -> 6457349.5
A100: 16,1,6 | B100: LAVAMANOS DE SOBREPONER Ref. 07341 | C100: UN | D100: 12 | E100: 196935.35 | F100: =E100*D100 -> 2363224.2 | J100: =I100*E100 -> 0 | K100: =G100+I100 -> 0 | L100: =K100*E100 -> 0 | M100: =+D100-K100 -> 12 | N100: =+M100*E100 -> 2363224.2
A101: 16,1,9 | B101: ORINAL MEDIANO Ref. 08860 | C101: UN | D101: 2 | E101: 346025.51 | F101: =E101*D101 -> 692051.02 | J101: =I101*E101 -> 0 | K101: =G101+I101 -> 0 | L101: =K101*E101 -> 0 | M101: =+D101-K101 -> 2 | N101: =+M101*E101 -> 692051.02
A102: 16,1,15 | B102: DISPENSADOR TOALLAS ACERO INOXIDABLE | C102: UN | D102: 5 | E102: 150300.47 | F102: =E102*D102 -> 751502.36 | J102: =I102*E102 -> 0 | K102: =G102+I102 -> 0 | L102: =K102*E102 -> 0 | M102: =+D102-K102 -> 5 | N102: =+M102*E102 -> 751502.36
A103: 16,1,16 | B103: JABONERA EN ACERO INOXIDABLE | C103: UN | D103: 6 | E103: 74100.618 | F103: =E103*D103 -> 444603.71 | J103: =I103*E103 -> 0 | K103: =G103+I103 -> 0 | L103: =K103*E103 -> 0 | M103: =+D103-K103 -> 6 | N103: =+M103*E103 -> 444603.71
A104: 16,1,17 | B104: TAPARREGISTROS EN ACERO INOXIDABLE CON CERRADURA | C104: UN | D104: 6 | E104: 69673.282 | F104: =E104*D104 -> 418039.69 | J104: =I104*E104 -> 0 | K104: =G104+I104 -> 0 | L104: =K104*E104 -> 0 | M104: =+D104-K104 -> 6 | N104: =+M104*E104 -> 418039.69
A105: 16,1,18 | B105: LLAVE DE MANGUERA DE ½” | C105: UN | D105: 1 | E105: 20961.057 | F105: =E105*D105 -> 20961.057 | J105: =I105*E105 -> 0 | K105: =G105+I105 -> 0 | L105: =K105*E105 -> 0 | M105: =+D105-K105 -> 1 | N105: =+M105*E105 -> 20961.057
A106: 16,1,19 | B106: REJILLA DE PISO CON SOSCO DE 3” X 2” | C106: UN | D106: 7 | E106: 14296.077 | F106: =E106*D106 -> 100072.54 | J106: =I106*E106 -> 0 | K106: =G106+I106 -> 0 | L106: =K106*E106 -> 0 | M106: =+D106-K106 -> 7 | N106: =+M106*E106 -> 100072.54
A107: 16,1,20 | B107: GRIFERIA LAVAPLATOS GALAXIA Ref. 50500 | C107: UN | D107: 1 | E107: 58412.952 | F107: =E107*D107 -> 58412.952 | J107: =I107*E107 -> 0 | K107: =G107+I107 -> 0 | L107: =K107*E107 -> 0 | M107: =+D107-K107 -> 1 | N107: =+M107*E107 -> 58412.952
A108: 16,1,21 | B108: BARRAS DE AYUDA PARA MINUISVALIDOS | C108: UN | D108: 1 | E108: 247181.52 | F108: =E108*D108 -> 247181.52 | J108: =I108*E108 -> 0 | K108: =G108+I108 -> 0 | L108: =K108*E108 -> 0 | M108: =+D108-K108 -> 1 | N108: =+M108*E108 -> 247181.52
A109: 18 | B109: DIVISIONES P´BAÑOS EN LAMINA (INC PINTURA HORNO) | J109: =I109*E109 -> 0
A110: 18.1 | B110: PINTURA | J110: =I110*E110 -> 0
A111: 18,1,2 | B111: PINTURA PLASTICA ACRILICA LAVABLE | C111: M2 | D111: 1750 | E111: 12430.907 | F111: =E111*D111 -> 21754088 | J111: =I111*E111 -> 0 | K111: =G111+I111 -> 0 | L111: =K111*E111 -> 0 | M111: =+D111-K111 -> 1750 | N111: =+M111*E111 -> 21754088
A112: 18,1,3 | B112: ESMALTE SOBRE MARCOS EN LAMINA | C112: M2 | E112: 12452.567 | F112: =E112*D112 -> 0 | J112: =I112*E112 -> 0 | K112: =G112+I112 -> 0 | L112: =K112*E112 -> 0 | M112: =+D112-K112 -> 0 | N112: =+M112*E112 -> 0
A113: 18,1,4 | B113: ESMALTE SOBRE HOJAS PUERTAS METALICAS | C113: M2 | D113: 7 | E113: 14363.832 | F113: =E113*D113 -> 100546.82 | J113: =I113*E113 -> 0 | K113: =G113+I113 -> 0 | L113: =K113*E113 -> 0 | M113: =+D113-K113 -> 7 | N113: =+M113*E113 -> 100546.82
A114: 18,1,5 | B114: ESMALTE SOBRE BARANDA EN TUBO | C114: M2 | E114: 14112.851 | F114: =E114*D114 -> 0 | J114: =I114*E114 -> 0 | K114: =G114+I114 -> 0 | L114: =K114*E114 -> 0 | M114: =+D114-K114 -> 0 | N114: =+M114*E114 -> 0
A115: 18,1,7 | B115: ESMALTE SOBRE REJAS | C115: M2 | D115: 12.5 | E115: 13819.499 | F115: =E115*D115 -> 172743.74 | J115: =I115*E115 -> 0 | K115: =G115+I115 -> 0 | L115: =K115*E115 -> 0 | M115: =+D115-K115 -> 12.5 | N115: =+M115*E115 -> 172743.74
...

Sheet ACTA No 2
A8: SEGUNDA ACTA PARCIAL DE OBRA CENTRO ZONAL GIRON
B10: 1. INFORMACIÓN GENERAL
B12: CONTRATO: | C12: 1718 DE 2013
B14: CONTRATISTA: | C14: UNION TEMPORAL - ICBF - 11 - OSCHAVS -2013
B16: OBJETO DEL CONTRATO: | C16: "Contratar las obras necesarias para la construcción, remodelación adecuación, mantenimiento preventivo y correctivo de los inmuebles donde funcionan las sedes administrativas, centros zonales, sedes regionales y unidades de servicio del ICBF a nivel nacional".
B18: VALOR INICIAL DEL CONTRATO | C18: 4460000000
B19: VALOR ADICIONAL | C19: 0
B20: VALOR TOTAL | C20: =+C19+C18 -> 4460000000
B22: FECHA DE INICIO: | C22: 24 de Febrero de 2014
B23: PLAZO INICIAL: | C23: 31 de Julio de 2014
B24: PLAZO DE PRORROGA 1: | C24: 31 de Diciembre de 2014
A27: ITEM | B27: DESCRIPCIÓN | C27: UN | D27: CANTIDAD | E27: PRECIO UNITARIO | F27: SUB TOTAL | G27: ULTIMO ACUMULADO | H27: VALOR ULTIMO ACUMULADO | I27: CANTIDAD EJECUTADA PRESENTE ACTA | J27: VALOR PRESENTE ACTA | K27: CANTIDAD TOTAL EJECUTADO | L27: VALOR TOTAL EJECUTADO | M27: SALDO CANTIDAD POR EJECUTAR | N27: SALDO VALOR POR EJECUTAR
A28: 1.1.6 | B28: LIMPIEZA, DESCAPOTE, RETIRO SOBR. - MANUAL | C28: M2 | D28: 208.7 | E28: 10502 | F28: =+E28*D28 -> 2191767.4 | G28: =+'Acta No 1'!I28+'Acta No 1'!G28 -> 208.7 | H28: =+G28*E28 -> 2191767.4 | J28: =+I28*E28 -> 0 | K28: =+G28+J28 -> 208.7 | L28: =+K28*E28 -> 2191767.4 | M28: =+D28-K28 -> 0 | N28: =+M28*E28 -> 0
A29: 1.3 | B29: DEMOLICIONES - DESMONTES - RETIROS
A30: 1.3.1 | B30: DEMOLICION CIELO RASO FALSO (INC. RETIRO DE SOBR.) | C30: M2 | D30: 56.8 | E30: 9431.5085 | F30: =+E30*D30 -> 535709.68 | G30: =+'Acta No 1'!I30+'Acta No 1'!G30 -> 56.8 | H30: =+G30*E30 -> 535709.68 | J30: =I30*E30 -> 0 | K30: =+G30+J30 -> 56.8 | L30: =+K30*E30 -> 535709.68 | M30: =+D30-K30 -> 0 | N30: =+M30*E30 -> 0 | O30: =D30-(G30+I30+M30) -> 0 | P30: =D30-(G30+I30) -> 0 | Q30: =P30-M30 -> 0 | R30: =K30-I30-G30 -> 0 | S30: =L30-J30-H30 -> 0
A31: 1,3,5 | B31: DEMOLICIONES VARIAS EN CONCRETO Y MAMPOSTERIA | C31: M3 | D31: =16.8+4.24+35.7 -> 56.74 | E31: 124407.04 | F31: =+E31*D31 -> 7058855.6 | G31: =+'Acta No 1'!I31+'Acta No 1'!G31 -> 53.2 | H31: =+G31*E31 -> 6618454.7 | I31: 0 | J31: =I31*E31 -> 0 | K31: =+I31+G31 -> 53.2 | L31: =+K31*E31 -> 6618454.7 | M31: =+D31-K31 -> 3.54 | N31: =+M31*E31 -> 440400.93 | O31: =D31-(G31+I31+M31) -> 0 | P31: =D31-(G31+I31) -> 3.54 | Q31: =P31-M31 -> 0 | R31: =K31-I31-G31 -> 0 | S31: =L31-J31-H31 -> 0
A32: 1.3.6 | B32: DESMONTE DE ENCAHPES Y MUROS | C32: M2 | D32: 104.6 | E32: 11876.912 | F32: =+E32*D32 -> 1242325 | G32: =+'Acta No 1'!I32+'Acta No 1'!G32 -> 104.6 | H32: =+G32*E32 -> 1242325 | J32: =I32*E32 -> 0 | K32: =+G32+J32 -> 104.6 | L32: =+K32*E32 -> 1242325 | M32: =+D32-K32 -> 0 | N32: =+M32*E32 -> 0 | O32: =D32-(G32+I32+M32) -> 0 | P32: =D32-(G32+I32) -> 0 | Q32: =P32-M32 -> 0 | R32: =K32-I32-G32 -> 0 | S32: =L32-J32-H32 -> 0
A33: 1.3.7 | B33: DEMOLICIÓN DE ORINAL Ó LAVAMANOS CORRIDO (INC. RETIRO DE SOBR.) | C33: ML | D33: 9.8 | E33: 22783.913 | F33: =+E33*D33 -> 223282.35 | G33: =+'Acta No 1'!I33+'Acta No 1'!G33 -> 9.8 | H33: =+G33*E33 -> 223282.35 | J33: =I33*E33 -> 0 | K33: =+G33+J33 -> 9.8 | L33: =+K33*E33 -> 223282.35 | M33: =+D33-K33 -> 0 | N33: =+M33*E33 -> 0 | O33: =D33-(G33+I33+M33) -> 0 | P33: =D33-(G33+I33) -> 0 | Q33: =P33-M33 -> 0 | R33: =K33-I33-G33 -> 0 | S33: =L33-J33-H33 -> 0
A34: 1.3.11 | B34: DEMOLICIÓN DE MUROS TOLETE E=25 CM. (INC. RETIRO DE SOBR.) | C34: M2 | D34: 118.02 | E34: 16938.982 | F34: =+E34*D34 -> 1999138.6 | G34: =+'Acta No 1'!I34+'Acta No 1'!G34 -> 0 | H34: =+G34*E34 -> 0 | J34: =I34*E34 -> 0 | K34: =+G34+J34 -> 0 | L34: =+K34*E34 -> 0 | M34: =+D34-K34 -> 118.02 | N34: =+M34*E34 -> 1999138.6 | O34: =D34-(G34+I34+M34) -> 0 | P34: =D34-(G34+I34) -> 118.02 | Q34: =P34-M34 -> 0 | R34: =K34-I34-G34 -> 0 | S34: =L34-J34-H34 -> 0
A35: 1.3.12 | B35: DEMOLICION PAÑETES (INC. RETIRO DE SOBR.) | C35: M2 | D35: 250 | E35: 9424.8652 | F35: =+E35*D35 -> 2356216.3 | G35: =+'Acta No 1'!I35+'Acta No 1'!G35 -> 0 | H35: =+G35*E35 -> 0 | J35: =I35*E35 -> 0 | K35: =+G35+J35 -> 0 | L35: =+K35*E35 -> 0 | M35: =+D35-K35 -> 250 | N35: =+M35*E35 -> 2356216.3 | O35: =D35-(G35+I35+M35) -> 0 | P35: =D35-(G35+I35) -> 250 | Q35: =P35-M35 -> 0 | R35: =K35-I35-G35 -> 0 | S35: =L35-J35-H35 -> 0
A36: 1.3.15 | B36: DEMOLICION PISOS EN TABLON (INC. RETIRO DE SOBR.) | C36: M2 | D36: =807*1.03 -> 831.21 | E36: 9018.5583 | F36: =+E36*D36 -> 7496315.8 | G36: =+'Acta No 1'!I36+'Acta No 1'!G36 -> 792 | H36: =+G36*E36 -> 7142698.2 | J36: =I36*E36 -> 0 | K36: =+G36+J36 -> 792 | L36: =+K36*E36 -> 7142698.2 | M36: =+D36-K36 -> 39.21 | N36: =+M36*E36 -> 353617.67 | O36: =D36-(G36+I36+M36) -> 0 | P36: =D36-(G36+I36) -> 39.21 | Q36: =P36-M36 -> 0 | R36: =K36-I36-G36 -> 0 | S36: =L36-J36-H36 -> 0
A37: 1.3.18 | B37: DEMOLICION PLACA MACIZA H = 0.10 (INC. RETIRO DE SOBR.) | C37: M2 | D37: =24.5*1.05 -> 25.725 | E37: 40827.833 | F37: =+E37*D37 -> 1050296 | G37: =+'Acta No 1'!I37+'Acta No 1'!G37 -> 0 | H37: =+G37*E37 -> 0 | J37: =I37*E37 -> 0 | K37: =+G37+J37 -> 0 | L37: =+K37*E37 -> 0 | M37: =+D37-K37 -> 25.725 | N37: =+M37*E37 -> 1050296 | O37: =D37-(G37+I37+M37) -> 0 | P37: =D37-(G37+I37) -> 25.725 | Q37: =P37-M37 -> 0 | R37: =K37-I37-G37 -> 0 | S37: =L37-J37-H37 -> 0
A38: 1.3.21 | B38: DEMOLICION DE PLACA DE PISO H=10 (INC RETIRO DE SOBR) | C38: M2 | D38: 831.21 | E38: 33717 | F38: =+E38*D38 -> 28025908 | G38: =+'Acta No 1'!I38+'Acta No 1'!G38 -> 792 | H38: =+G38*E38 -> 26703864 | J38: =I38*E38 -> 0 | K38: =+G38+J38 -> 792 | L38: =+K38*E38 -> 26703864 | M38: =+D38-K38 -> 39.21 | N38: =+M38*E38 -> 1322043.6
A39: 1.3.22 | B39: DESMONTE APARATOS SANITARIOS (INC. RETIRO DE SOBR.) | C39: UN | D39: 10 | E39: 18460.727 | F39: =+E39*D39 -> 184607.27 | G39: =+'Acta No 1'!I39+'Acta No 1'!G39 -> 8 | H39: =+G39*E39 -> 147685.82 | J39: =I39*E39 -> 0 | K39: =+G39+J39 -> 8 | L39: =+K39*E39 -> 147685.82 | M39: =+D39-K39 -> 2 | N39: =+M39*E39 -> 36921.455 | O39: =D39-(G39+I39+M39) -> 0 | P39: =D39-(G39+I39) -> 2 | Q39: =P39-M39 -> 0 | R39: =K39-I39-G39 -> 0 | S39: =L39-J39-H39 -> 0
A40: 1.3.27 | B40: DESMONTE PUERTAS CON MARCOS (INC. RETIRO DE SOBR.) | C40: UN | D40: 13 | E40: 19405.734 | F40: =+E40*D40 -> 252274.54 | G40: =+'Acta No 1'!I40+'Acta No 1'!G40 -> 9 | H40: =+G40*E40 -> 174651.6 | I40: 4 | J40: =I40*E40 -> 77622.935 | K40: =+G40+I40 -> 13 | L40: =+K40*E40 -> 252274.54 | M40: =+D40-K40 -> 0 | N40: =+M40*E40 -> 0 | O40: =D40-(G40+I40+M40) -> 0 | P40: =D40-(G40+I40) -> 0 | Q40: =P40-M40 -> 0 | R40: =K40-I40-G40 -> 0 | S40: =L40-J40-H40 -> 0
A41: 1.3.29 | B41: DESMONTE VENTANAS O PUERTAS METÁLICAS (INC. RETIRO DE SOBRANTES) | C41: M2 | D41: =119*1.05 -> 124.95 | E41: 13631.636 | F41: =+E41*D41 -> 1703272.9 | G41: =+'Acta No 1'!I41+'Acta No 1'!G41 -> 30.1 | H41: =+G41*E41 -> 410312.23 | I41: 77.3 | J41: =I41*E41 -> 1053725.4 | K41: =+I41+G41 -> 107.4 | L41: =+K41*E41 -> 1464037.7 | M41: =+D41-K41 -> 17.55 | N41: =+M41*E41 -> 239235.2 | O41: =D41-(G41+I41+M41) -> 0 | P41: =D41-(G41+I41) -> 17.55 | Q41: =P41-M41 -> 0 | R41: =K41-I41-G41 -> 0 | S41: =L41-J41-H41 -> 0
A42: 1.3.36 | B42: DEMOLICION MESÓN CORRIDO (INC. RETIRO DE SOBR.) | C42: ML | D42: 27.2 | E42: 14424.724 | F42: =+E42*D42 -> 392352.49 | G42: =+'Acta No 1'!I42+'Acta No 1'!G42 -> 23.9 | H42: =+G42*E42 -> 344750.9 | J42: =I42*E42 -> 0 | K42: =+G42+J42 -> 23.9 | L42: =+K42*E42 -> 344750.9 | M42: =+D42-K42 -> 3.3 | N42: =+M42*E42 -> 47601.589 | O42: =D42-(G42+I42+M42) -> 0 | P42: =D42-(G42+I42) -> 3.3 | Q42: =P42-M42 -> 0 | R42: =K42-I42-G42 -> 0 | S42: =L42-J42-H42 -> 0
A43: 1.4 | B43: VARIOS - PRELIMINARES | O43: =D43-(G43+I43+M43) -> 0 | P43: =D43-(G43+I43) -> 0 | Q43: =P43-M43 -> 0 | R43: =K43-I43-G43 -> 0 | S43: =L43-J43-H43 -> 0
A44: 1.4.2 | B44: RETIRO DE SOBRANTES CARGUE TRANSPORTE Y DISPOSICION FINAL DE ESCOMBROS A SITIO AUTORIZADO | C44: M3 | D44: =288+78 -> 366 | E44: 51478.234 | F44: =+E44*D44 -> 18841034 | G44: =+'Acta No 1'!I44+'Acta No 1'!G44 -> 168 | H44: =+G44*E44 -> 8648343.3 | I44: 198 | J44: =I44*E44 -> 10192690 | K44: =+I44+G44 -> 366 | L44: =+K44*E44 -> 18841034 | M44: =+D44-K44 -> 0 | N44: =+M44*E44 -> 0 | O44: =D44-(G44+I44+M44) -> 0 | P44: =D44-(G44+I44) -> 0 | Q44: =P44-M44 -> 0 | R44: =K44-I44-G44 -> 0 | S44: =L44-J44-H44 -> 0
A45: 2. | B45: CIMENTACION
A46: 2.1 | B46: EXCAVACIONES RELLENOS Y REEMPLAZOS
A47: 2.1.4 | B47: RELLENOS EN MATERIAL COMUN | C47: M3 | D47: 105 | E47: 38788 | F47: =+E47*D47 -> 4072740 | I47: 40.8 | J47: =I47*E47 -> 1582550.4 | K47: =+I47+G47 -> 40.8
A48: 2.5 | B48: OBRAS DE MITIGACION Y ESTABILIZACION | O48: =D48-(G48+I48+M48) -> 0 | P48: =D48-(G48+I48) -> 0 | Q48: =P48-M48 -> 0 | R48: =K48-I48-G48 -> 0 | S48: =L48-J48-H48 -> 0
A49: 2.5.14 | B49: . PRADIZACION ZONAS VERDES | C49: M2 | D49: 50 | E49: 19287.533 | F49: =E49*D49 -> 964376.65 | M49: =+D49-K49 -> 50 | N49: =+M49*E49 -> 964376.65 | O49: =D49-(G49+I49+M49) -> 0 | P49: =D49-(G49+I49) -> 50 | Q49: =P49-M49 -> 0 | R49: =K49-I49-G49 -> 0 | S49: =L49-J49-H49 -> 0
A50: 3.4 | B50: CONSTRUCCIONES EN MAMPOSTERIA | O50: =D50-(G50+I50+M50) -> 0 | P50: =D50-(G50+I50) -> 0 | Q50: =P50-M50 -> 0 | R50: =K50-I50-G50 -> 0 | S50: =L50-J50-H50 -> 0
A51: 3.4.3 | B51: CAJAS INSPECCION 80 x 80 x 80 cm (INC. BASE y CAÑUELA Y TAPA CON MARCO METALICO) | C51: UN | D51: 7 | E51: 346247 | F51: =E51*D51 -> 2423729 | I51: 7 | J51: =I51*E51 -> 2423729 | K51: =G51+I51 -> 7 | L51: =K51*E51 -> 2423729 | M51: =+D51-K51 -> 0 | N51: =+M51*E51 -> 0 | O51: =D51-(G51+I51+M51) -> 0 | P51: =D51-(G51+I51) -> 0 | Q51: =P51-M51 -> 0 | R51: =K51-I51-G51 -> 0 | S51: =L51-J51-H51 -> 0
A52: 3.5 | B52: MOVIMIENTO DE TIERRAS | O52: =D52-(G52+I52+M52) -> 0 | P52: =D52-(G52+I52) -> 0 | Q52: =P52-M52 -> 0 | R52: =K52-I52-G52 -> 0 | S52: =L52-J52-H52 -> 0
A53: 3.5.2 | B53: EXCAVACION MANUAL TIERRA. H=2.50 (INC. RETIRO DE SOBR.) | C53: M3 | D53: 33 | E53: 27178.928 | F53: =E53*D53 -> 896904.62 | I53: 33 | J53: =I53*E53 -> 896904.62 | K53: =G53+I53 -> 33 | L53: =K53*E53 -> 896904.62 | M53: =+D53-K53 -> 0 | N53: =+M53*E53 -> 0 | O53: =D53-(G53+I53+M53) -> 0 | P53: =D53-(G53+I53) -> 0 | Q53: =P53-M53 -> 0 | R53: =K53-I53-G53 -> 0 | S53: =L53-J53-H53 -> 0
A54: 4 | B54: ESTRUCTURA | O54: =D54-(G54+I54+M54) -> 0 | P54: =D54-(G54+I54) -> 0 | Q54: =P54-M54 -> 0 | R54: =K54-I54-G54 -> 0 | S54: =L54-J54-H54 -> 0
A55: 4.1 | B55: ELEMENTOS VERTICALES EN CONCRETO | O55: =D55-(G55+I55+M55) -> 0 | P55: =D55-(G55+I55) -> 0 | Q55: =P55-M55 -> 0 | R55: =K55-I55-G55 -> 0 | S55: =L55-J55-H55 -> 0
A56: 4.1.1 | B56: CONCRETO PARA COLUMNAS 3000 PSI | C56: M3 | D56: 2.5 | E56: 608238.59 | F56: =E56*D56 -> 1520596.5 | J56: =I56*E56 -> 0 | K56: =G56+I56 -> 0 | L56: =K56*E56 -> 0 | M56: =+D56-K56 -> 2.5 | N56: =+M56*E56 -> 1520596.5 | O56: =D56-(G56+I56+M56) -> 0 | P56: =D56-(G56+I56) -> 2.5 | Q56: =P56-M56 -> 0 | R56: =K56-I56-G56 -> 0 | S56: =L56-J56-H56 -> 0
A57: 4.2 | B57: ELEMENTOS HORIZONTALES EN CONCRETO | I57: 0 | O57: =D57-(G57+I57+M57) -> 0 | P57: =D57-(G57+I57) -> 0 | Q57: =P57-M57 -> 0 | R57: =K57-I57-G57 -> 0 | S57: =L57-J57-H57 -> 0
A58: 4.2.1 | B58: CONCRETO PARA VIGAS AÉREAS 3000 PSI | C58: M3 | D58: 1.75 | E58: 705289.93 | F58: =E58*D59 -> 1234257.4 | I58: 0 | J58: =I58*E58 -> 0 | K58: =G58+I58 -> 0 | L58: =K58*E58 -> 0 | M58: =+D58-K58 -> 1.75 | N58: =+M58*E58 -> 1234257.4 | O58: =D58-(G58+I58+M58) -> 0 | P58: =D58-(G58+I58) -> 1.75 | Q58: =P58-M58 -> 0 | R58: =K58-I58-G58 -> 0 | S58: =L58-J58-H58 -> 0
A59: 4.2.2 | B59: CONCRETO PARA VIGAS DE ENTREPISO 3000 PSI | C59: M3 | D59: 1.75 | E59: 638838.21 | F59: =E59*D59 -> 1117966.9 | I59: 0 | M59: =+D59-K59 -> 1.75 | N59: =+M59*E59 -> 1117966.9 | O59: =D59-(G59+I59+M59) -> 0 | P59: =D59-(G59+I59) -> 1.75 | Q59: =P59-M59 -> 0 | R59: =K59-I59-G59 -> 0 | S59: =L59-J59-H59 -> 0
A60: 4.3 | B60: LOSAS DE ENTREPSIO EN CONCRETO | O60: =D60-(G60+I60+M60) -> 0 | P60: =D60-(G60+I60) -> 0 | Q60: =P60-M60 -> 0 | R60: =K60-I60-G60 -> 0 | S60: =L60-J60-H60 -> 0
A61: 4.3.7 | B61: LOSA MACIZA ENTREPISO H = 10 cm - CONCRETO 3000 PSI | C61: M2 | D61: 831.21 | E61: 61947 | F61: =E61*D61 -> 51490966 | I61: 474.4 | J61: =I61*E61 -> 29387657 | K61: =G61+I61 -> 474.4 | L61: =K61*E61 -> 29387657 | M61: =+D61-K61 -> 356.81 | N61: =+M61*E61 -> 22103309 | O61: =D61-(G61+I61+M61) -> 0 | P61: =D61-(G61+I61) -> 356.81 | Q61: =P61-M61 -> 0 | R61: =K61-I61-G61 -> 0 | S61: =L61-J61-H61 -> 0
A62: 4.5 | B62: ACERO DE REFUERZO - ESTRUCTURA | O62: =D62-(G62+I62+M62) -> 0 | P62: =D62-(G62+I62) -> 0 | Q62: =P62-M62 -> 0 | R62: =K62-I62-G62 -> 0 | S62: =L62-J62-H62 -> 0
A63: 4.5.2 | B63: ACERO DE REFUERZO 60000 PSI | C63: KG | D63: 843 | E63: 3805.3173 | F63: =E63*D63 -> 3207882.5 | I63: 0 | J63: =I63*E63 -> 0 | K63: =G63+I63 -> 0 | L63: =K63*E63 -> 0 | M63: =+D63-K63 -> 843 | N63: =+M63*E63 -> 3207882.5 | O63: =D63-(G63+I63+M63) -> 0 | P63: =D63-(G63+I63) -> 843 | Q63: =P63-M63 -> 0 | R63: =K63-I63-G63 -> 0 | S63: =L63-J63-H63 -> 0
A64: 4.5.4 | B64: MALLA ELECTROSOLDADA TIPO ESTANDAR | C64: KG | D64: 231 | E64: 4338.3994 | F64: =E64*D64 -> 1002170.3 | I64: 0 | J64: =I64*E64 -> 0 | K64: =G64+I64 -> 0 | L64: =K64*E64 -> 0 | M64: =+D64-K64 -> 231 | N64: =+M64*E64 -> 1002170.3 | O64: =D64-(G64+I64+M64) -> 0 | P64: =D64-(G64+I64) -> 231 | Q64: =P64-M64 -> 0 | R64: =K64-I64-G64 -> 0 | S64: =L64-J64-H64 -> 0
B65: MURO EN BLOQUE H10 | C65: M2 | D65: 45.97 | F65: =E65*D65 -> 0 | M65: =+D65-K65 -> 45.97 | N65: =+M65*E65 -> 0 | O65: =D65-(G65+I65+M65) -> 0 | P65: =D65-(G65+I65) -> 45.97 | Q65: =P65-M65 -> 0 | R65: =K65-I65-G65 -> 0 | S65: =L65-J65-H65 -> 0
A66: 7.4 | B66: RED GENERAL DE AGUA FRIA | M66: =+D66-K66 -> 0 | O66: =D66-(G66+I66+M66) -> 0 | P66: =D66-(G66+I66) -> 0 | Q66: =P66-M66 -> 0 | R66: =K66-I66-G66 -> 0 | S66: =L66-J66-H66 -> 0
A67: 7.4.1 | B67: ACCESORIOS PVC-P Ø 1/2" | C67: UN | D67: 30 | E67: 4072 | F67: =+E67*D67 -> 122160 | I67: 0 | J67: =I67*E67 -> 0 | K67: =G67+I67 -> 0 | L67: =K67*E67 -> 0 | M67: =+D67-K67 -> 30 | N67: =+M67*E67 -> 122160 | O67: =D67-(G67+I67+M67) -> 0 | P67: =D67-(G67+I67) -> 30 | Q67: =P67-M67 -> 0 | R67: =K67-I67-G67 -> 0 | S67: =L67-J67-H67 -> 0
A68: 7.4.19 | B68: REGISTRO P/D RED WITHE Ø 1/2" ó EQUIVALENTE | C68: UN | D68: 6 | E68: 41807 | F68: =+E68*D68 -> 250842 | I68: 0 | J68: =I68*E68 -> 0 | M68: =+D68-K68 -> 6 | N68: =+M68*E68 -> 250842 | O68: =D68-(G68+I68+M68) -> 0 | P68: =D68-(G68+I68) -> 6 | Q68: =P68-M68 -> 0 | R68: =K68-I68-G68 -> 0 | S68: =L68-J68-H68 -> 0
A69: 7.4.26 | B69: TUBERIA PVC-P RDE 9 Ø 1/2" | C69: ML | D69: 54 | E69: 6928 | F69: =+E69*D69 -> 374112 | I69: 0 | J69: =I69*E69 -> 0 | K69: =G69+I69 -> 0 | L69: =K69*E69 -> 0 | M69: =+D69-K69 -> 54 | N69: =+M69*E69 -> 374112 | O69: =D69-(G69+I69+M69) -> 0 | P69: =D69-(G69+I69) -> 54 | Q69: =P69-M69 -> 0 | R69: =K69-I69-G69 -> 0 | S69: =L69-J69-H69 -> 0
A70: 7.5 | B70: PUNTOS HIDRAULICOS | O70: =D70-(G70+I70+M70) -> 0 | P70: =D70-(G70+I70) -> 0 | Q70: =P70-M70 -> 0 | R70: =K70-I70-G70 -> 0 | S70: =L70-J70-H70 -> 0
A71: 7,5,3 | B71: PUNTO AGUA FRIA PVC (INC. ACCESORIOS) | C71: UN | D71: 25 | E71: 42701.597 | F71: =E71*D71 -> 1067539.9 | I71: 0 | J71: =I71*E71 -> 0 | M71: =+D71-K71 -> 25 | N71: =+M71*E71 -> 1067539.9 | O71: =D71-(G71+I71+M71) -> 0 | P71: =D71-(G71+I71) -> 25 | Q71: =P71-M71 -> 0 | R71: =K71-I71-G71 -> 0 | S71: =L71-J71-H71 -> 0
A72: 7,5,4 | B72: SALIDAS SANITARIAS | C72: UN | D72: 10 | E72: 79580.156 | F72: =E72*D72 -> 795801.56 | I72: 1 | J72: =I72*E72 -> 79580.156 | K72: =G72+I72 -> 1 | L72: =K72*E72 -> 79580.156 | M72: =+D72-K72 -> 9 | N72: =+M72*E72 -> 716221.4 | O72: =D72-(G72+I72+M72) -> 0 | P72: =D72-(G72+I72) -> 9 | Q72: =P72-M72 -> 0 | R72: =K72-I72-G72 -> 0 | S72: =L72-J72-H72 -> 0
A73: 7,5,5 | B73: PUNTO DESAGUE PVC Ø 2" | C73: UN | D73: 26 | E73: 43361.257 | F73: =E73*D73 -> 1127392.7 | I73: 7 | J73: =I73*E73 -> 303528.8 | M73: =+D73-K73 -> 26 | N73: =+M73*E73 -> 1127392.7 | O73: =D73-(G73+I73+M73) -> -7 | P73: =D73-(G73+I73) -> 19 | Q73: =P73-M73 -> -7 | R73: =K73-I73-G73 -> -7 | S73: =L73-J73-H73 -> -303528.8
A74: 7,5,6 | B74: PUNTO DESAGUE PVC Ø 3" ó Ø 4" | C74: UN | D74: 9 | E74: 72097.45 | F74: =E74*D74 -> 648877.05 | I74: 5 | J74: =I74*E74 -> 360487.25 | K74: =G74+I74 -> 5 | L74: =K74*E74 -> 360487.25 | M74: =+D74-K74 -> 4 | N74: =+M74*E74 -> 288389.8 | O74: =D74-(G74+I74+M74) -> 0 | P74: =D74-(G74+I74) -> 4 | Q74: =P74-M74 -> 0 | R74: =K74-I74-G74 -> 0 | S74: =L74-J74-H74 -> 0
A75: 7.6 | B75: BAJANTES - VENTILACIONES - REVENTILACIONES A.N. | O75: =D75-(G75+I75+M75) -> 0 | P75: =D75-(G75+I75) -> 0 | Q75: =P75-M75 -> 0 | R75: =K75-I75-G75 -> 0 | S75: =L75-J75-H75 -> 0
A76: 7.6.2 | B76: BAJANTE A.LL. PVC Ø 4" (INC. ACCESORIOS) | C76: ML | D76: 25 | E76: 26994 | F76: =E76*D76 -> 674850 | I76: 0 | J76: =I76*E76 -> 0 | K76: =+I76+G76 -> 0 | M76: 4 | N76: 720000 | O76: =D76-(G76+I76+M76) -> 21 | P76: =D76-(G76+I76) -> 25 | Q76: =P76-M76 -> 21 | R76: =K76-I76-G76 -> 0 | S76: =L76-J76-H76 -> 0
A77: 7.6.3 | B77: BAJANTE A.N. PVC Ø 6" (INC. ACCESORIOS) | C77: ML | D77: 60 | E77: 41769 | F77: =+E77*D77 -> 2506140 | I77: 60 | J77: =I77*E77 -> 2506140 | K77: =+I77+G77 -> 60 | M77: =+D77-K77 -> 0 | N77: =+M77*E77 -> 0 | O77: =D77-(G77+I77+M77) -> 0 | P77: =D77-(G77+I77) -> 0 | Q77: =P77-M77 -> 0 | R77: =K77-I77-G77 -> 0
A78: 8 | B78: INSTALACION ELECTRICA Y TELEFONICA
A79: 8.1 | B79: SALIDA PARA ALUMBRADO Y TOMAS
A80: 8.1.1. | B80: SALIDA + INTERRUPTOR LUMINEX O EQUIVALENTE - PVC | C80: UN | D80: 18 | E80: 51386 | F80: =D80*E80 -> 924948 | I80: 18 | J80: =I80*E80 -> 924948 | K80: =+I80+G80 -> 18 | L80: =K80*E80 -> 924948 | M80: =+K80-D80 -> 0 | N80: =+M80*E80 -> 0
A81: 8.1.2 | B81: SALIDA + INTERRUPTOR DOBLE LUMINEX O EQUIVALENTE - PVC | C81: UN | D81: 8 | E81: 57163 | F81: =D81*E81 -> 457304 | I81: 8 | J81: =I81*E81 -> 457304 | K81: =+I81+G81 -> 8 | L81: =K81*E81 -> 457304 | M81: =+K81-D81 -> 0 | N81: =+M81*E81 -> 0
A82: 8.1.9 | B82: SALIDA LAMPARA FLUORESCENTE | C82: UN | D82: 120 | E82: 47522 | F82: =D82*E82 -> 5702640 | I82: 120 | J82: =I82*E82 -> 5702640 | K82: =+I82+G82 -> 120 | L82: =K82*E82 -> 5702640 | M82: =+K82-D82 -> 0 | N82: =+M82*E82 -> 0
A83: 8.1.15 | B83: SALIDA PVC + TOMA DOBLE LUMINEX O EQUIVALENTE | C83: UN | D83: 52 | E83: 50476 | F83: =D83*E83 -> 2624752 | I83: 52 | J83: =I83*E83 -> 2624752 | K83: =+I83+G83 -> 52 | L83: =K83*E83 -> 2624752 | M83: =+K83-D83 -> 0 | N83: =+M83*E83 -> 0
A84: 8.1.17 | B84: SALIDA PVC + TOMA DOBLE (GFCI) LUMINEX O EQUIVALENTE | C84: UN | D84: 5 | E84: 87049 | F84: =D84*E84 -> 435245 | I84: 5 | J84: =I84*E84 -> 435245 | K84: =+I84+G84 -> 5 | L84: =K84*E84 -> 435245 | M84: =+K84-D84 -> 0 | N84: =+M84*E84 -> 0
A85: 8.1.20 | B85: SALIDA PARA SONIDO | C85: UN | D85: 3 | E85: 69225 | F85: =D85*E85 -> 207675 | I85: 3 | J85: =I85*E85 -> 207675 | K85: =+I85+G85 -> 3 | L85: =K85*E85 -> 207675 | M85: =+K85-D85 -> 0 | N85: =+M85*E85 -> 0
A86: NP | B86: SALIDA PARA TELEVISIÓN . INCLUYE TUBERIA, CABLE COAXIAL, CONECTORES Y DEMAS ACCESORIOS | C86: UN | D86: 4 | E86: 180000 | F86: =D86*E86 -> 720000 | I86: 0 | J86: =I86*E86 -> 0 | K86: =+I86+G86 -> 0 | L86: =K86*E86 -> 0 | M86: 10 | N86: =+M86*E86 -> 1800000
A87: 8.2 | B87: BANDEJAS DE DISTRIBUCION
A88: 8.2.2 | B88: CANALETA METALICA 10 X 4 CON DIVISION INCLUYE ACCESORIOS CON PINTURA ELECTROSTÁTICA | C88: ML | D88: 155 | E88: 42841 | F88: =D88*E88 -> 6640355 | I88: 155 | J88: =I88*E88 -> 6640355 | K88: =+I88+G88 -> 155 | L88: =K88*E88 -> 6640355 | M88: =+K88-D88 -> 0 | N88: =+M88*E88 -> 0
B90: ACOMETIDA PARA EQUIPO DE AIRE ACONDICIONADO 2#12 + 1#12 + 1#12T EN CABLE AWG THHN DESDE TABLERO DE DISTRIBUCION. Incluye tuberia y accesorios. | C90: UN | D90: 10 | E90: 350000 | F90: =D90*E90 -> 3500000
B91: ACOMETIDA ENTRE UNIDAD MANEJADORA Y UNIDAD CONDENSADORA DE AIRE ACONDICIONADO EN CABLE 3x16 ENCAUCHETADO AWG THHN. Incluye tuberia y accesorios. | C91: UN | D91: 10 | E91: 90000 | F91: =D91*E91 -> 900000
A92: 8.3 | B92: ACOMETIDAS Y CONDUCTORES
A93: 8.3.7 | B93: DUCTO ELECTRICO PESADO 3" | C93: ML | D93: 30 | E93: 80000 | F93: =D93*E93 -> 2400000 | I93: 30 | J93: =I93*E93 -> 2400000 | K93: =+I93+G93 -> 30 | L93: =K93*E93 -> 2400000 | M93: =+K93-D93 -> 0 | N93: =+M93*E93 -> 0
A94: 8.3.38 | B94: CABLE Cu No. 2 AWG | C94: ML | D94: 135 | E94: 21517 | F94: =D94*E94 -> 2904795 | I94: 135 | J94: =I94*E94 -> 2904795 | K94: =+I94+G94 -> 135 | L94: =K94*E94 -> 2904795 | M94: =+D94-K94 -> 0 | N94: =+M94*E94 -> 0
A95: 8.3.41 | B95: CABLE Cu No. 8 AWG | C95: ML | D95: 135 | E95: 7588 | F95: =D95*E95 -> 1024380 | I95: 135 | J95: =I95*E95 -> 1024380 | K95: =+I95+G95 -> 135 | L95: =K95*E95 -> 1024380 | M95: =+D95-K95 -> 0 | N95: =+M95*E95 -> 0
A96: 8,3,44 | B96: TUBERIA EMT 1" SUSPENDIDA - INCLUYE ACCESORIOS | C96: ML | D96: 20 | E96: 15736 | F96: =D96*E96 -> 314720 | H96: 0 | I96: 20 | J96: =I96*E96 -> 314720 | K96: =+I96+G96 -> 20 | L96: =K96*E96 -> 314720 | M96: =+D96-K96 -> 0 | N96: =+M96*E96 -> 0
A97: 8.3.45 | B97: TUBERIA EMT 1 1/2" SUSPENDIDA - INCLUYE ACCESORIOS | C97: ML | D97: 10 | E97: 24090 | F97: =D97*E97 -> 240900 | H97: 0 | I97: 10 | J97: =I97*E97 -> 240900 | K97: =+I97+G97 -> 10 | L97: =K97*E97 -> 240900 | M97: =+D97-K97 -> 0 | N97: =+M97*E97 -> 0
B98: ELABORACIÓN DE CÁRCAMO PARA EL TENDIDO DE ACOMETIDAS ENTRE TABLEROS DE DISTRIBUCIÓN | C98: ML | D98: 11 | E98: 350000 | F98: =D98*E98 -> 3850000 | M98: =+D98-K98 -> 11 | N98: =+M98*E98 -> 3850000
A99: 8.4 | B99: TABLEROS E INTERRUPTORES
A100: 8,4,2 | B100: TABLERO REGULADO PARA 18 CIRCUITOS, CON TOTALIZADOR DE ENTRADA ENCHUFABLE DE 2x50 A, BREAKERS TIPO RIEL DE ENTRADA Y SALIDA PARA UPS DE 2X50 A, BREAKERS DE ENTRADA Y SALIDA PARA COMUTADOR TRIPOLAR DE 2X50 A, ACOMETIDAS DE ENTRADA Y SALIDA DE UPS EN CABLE ENCAUCHETADO 4X8 AWG, CONMUTADOR ABIERTO TRIPOLAR DE 50 AMPERIOS Y DISPOSITIVO PROTECTOR CONTRA SOBRETENSIONES DPS. | C100: UN | D100: 1 | E100: 1700000 | F100: =D100*E100 -> 1700000
A101: 8,4,3 | B101: TABLERO 24 CIRCUITOS | C101: UN | D101: 1 | E101: 733868 | F101: =D101*E101 -> 733868
B102: TABLERO DE DISTRIBUCIÓN DE 300 AMPERIOS PARA ACOMETIDA EN BAJA TENSIÒN Y CIRCUITOS NORMALES, CON BARRAJES DE FASES, BARRAJES PARA NEUTRO Y PARA TIERRA , TOTALIZADOR GENERAL TIPO INDUSTRIAL DE 3X120 AMPERIOS REGULABLE, BREAKERS DE PROTECCIÓN TIPO INDUSTRIAL DE 3X100 A, 3X50 A, 3X50 A, 2X50 A, Y 20 BREAKERS DE 1X20 A PARA CIRCUITOS NORMALES, SEGUN DIAGRAMA UNIFILAR | C102: UN | D102: 1 | E102: 7000000 | F102: =D102*E102 -> 7000000
A103: 8.7 | B103: CABLEADO ESTRUCTURADO., VOZ Y DATOS
A104: 8,7,1 | B104: CABLE UTP CATEGORIA 6 TENDIDO CERTIFICADO | C104: ML | D104: 2300 | E104: 5181 | F104: =D104*E104 -> 11916300 | I104: 2300 | J104: =I104*E104 -> 11916300 | K104: =+G104+I104 -> 2300 | L104: =+K104*E104 -> 11916300 | M104: =+D104-K104 -> 0 | N104: =+M104*E104 -> 0
A105: 8.7.3 | B105: PATCH CORD 2 METROS | C105: UN | D105: 92 | E105: 15841 | F105: =D105*E105 -> 1457372 | K105: =+G105+I105 -> 0 | L105: =+K105*E105 -> 0 | M105: =+D105-K105 -> 92 | N105: =+M105*E105 -> 1457372
A106: 8.7.4 | B106: SALIDA DE VOZ O DATOS. (Se incluyen puntos provisionales para reubicacion de funcionarios) | C106: UN | D106: 46 | E106: 48043 | F106: =D106*E106 -> 2209978 | I106: 46 | J106: =I106*E106 -> 2209978 | K106: =+G106+I106 -> 46 | L106: =+K106*E106 -> 2209978 | M106: =+D106-K106 -> 0 | N106: =+M106*E106 -> 0
A107: 8.7.5 | B107: SALIDA TOMACORRIENTE REGULADA DOBLE EN CANALETA. (Se incluyen puntos provisionales para reubicacion de funcionarios) | C107: UN | D107: 41 | E107: 66494 | F107: =D107*E107 -> 2726254 | I107: 41 | J107: =I107*E107 -> 2726254 | K107: =+G107+I107 -> 41 | L107: =+K107*E107 -> 2726254 | M107: =+D107-K107 -> 0 | N107: =+M107*E107 -> 0
A108: 8.7.9 | B108: PATCH PANEL 48 PUERTOS CATEGORIA 6 | C108: UN | D108: 1 | E108: 491597 | F108: =D108*E108 -> 491597 | J108: =I108*E108 -> 0 | K108: =+G108+I108 -> 0 | L108: =+K108*E108 -> 0 | M108: =+D108-K108 -> 1 | N108: =+M108*E108 -> 491597
A109: 8.7.11 | B109: SWITCH 48 PUERTOS CATEGORIA 3COM O EQUIVALENTE | C109: UN | D109: 1 | E109: 1275976 | F109: =D109*E109 -> 1275976 | J109: =I109*E109 -> 0 | K109: =+G109+I109 -> 0 | L109: =+K109*E109 -> 0 | M109: =+D109-K109 -> 1 | N109: =+M109*E109 -> 1275976
A110: 8.7.7 | B110: GABINETE 90X90 HOMOLOGADO INCLUYE VENTILADOR Y MULTITOMA | C110: UN | D110: 1 | E110: 732602 | F110: =D110*E110 -> 732602 | J110: =I110*E110 -> 0 | K110: =+G110+I110 -> 0 | L110: =+K110*E110 -> 0 | M110: =+D110-K110 -> 1 | N110: =+M110*E110 -> 732602
A111: 1.2.2 | B111: INSTALACION PROVISIONAL DE REDES DE ENERGÍA ELECTRICA | C111: UN | D111: 1 | E111: 1256106 | F111: =D111*E111 -> 1256106 | I111: 1 | J111: =I111*E111 -> 1256106 | K111: =+G111+I111 -> 1 | L111: =+K111*E111 -> 1256106 | M111: =+D111-K111 -> 0 | N111: =+M111*E111 -> 0
B112: LUMINARIA TIPO LED PANEL 60*60 CMS 50 WATIOS | C112: UN | D112: 55 | E112: 280000 | F112: =D112*E112 -> 15400000 | J112: =I112*E112 -> 0 | K112: =+G112+I112 -> 0 | L112: =+K112*E112 -> 0 | M112: =+D112-K112 -> 55 | N112: =+M112*E112 -> 15400000
B113: BALA SUPERPUESTA LED 16 WATIOS | C113: UN | D113: 17 | E113: 180000 | F113: =D113*E113 -> 3060000 | J113: =I113*E113 -> 0 | K113: =+G113+I113 -> 0 | L113: =+K113*E113 -> 0 | M113: =+D113-K113 -> 17 | N113: =+M113*E113 -> 3060000
B114: LUMINARIA LED 28,4 WATIOS | C114: UN | D114: 18 | E114: 220000 | F114: =D114*E114 -> 3960000 | J114: =I114*E114 -> 0 | K114: =+G114+I114 -> 0 | L114: =+K114*E114 -> 0 | M114: =+D114-K114 -> 18 | N114: =+M114*E114 -> 3960000
B115: POSTE LED 18 WATIOS | C115: UN | D115: 9 | E115: 650000 | F115: =D115*E115 -> 5850000 | J115: =I115*E115 -> 0 | K115: =+G115+I115 -> 0 | L115: =+K115*E115 -> 0 | M115: =+D115-K115 -> 9 | N115: =+M115*E115 -> 5850000
B116: LAMPARA TIPO APLIQUE 18 WATIOS | C116: UN | D116: 20 | E116: 120 | F116: =D116*E116 -> 2400 | J116: =I116*E116 -> 0 | K116: =+G116+I116 -> 0 | L116: =+K116*E116 -> 0 | M116: =+D116-K116 -> 20 | N116: =+M116*E116 -> 2400
...
